 Dungeon Crawl Stone Soup version 0.31-a0-692-gf03d1854d5 (webtiles) character file.

Game seed: 5628235789748272992

59 qw the Shooter (level 4, 0/26 HPs)
             Began as a Gargoyle Hunter on Sept 6, 2023.
             Slain by an orc
             ... wielding a +0 trident
              (6 damage)
             ... on level 3 of the Dungeon.
             The game lasted 00:00:25 (829 turns).

qw the Shooter (Gargoyle Hunter)                     Turns: 829, Time: 00:00:26

Health: 0/26       AC:  8    Str: 14    XL:     4   Next: 3%
Magic:  4/4        EV: 10    Int: 10    God:
Gold:   68         SH:  0    Dex: 15    Spells: 3/3 levels left

rFire   . . .        Y - +0 shortbow
rCold   . . .        (shield currently unavailable)
rNeg    + . .        g - +0 ring mail
rPois   inf          (helmet restricted)
rElec   +            (no cloak)
rCorr   .            (no gloves)
SInv    .            (no boots)
Will    .....        (no amulet)
Stlth   +            (no ring)
HPRegen 0.24/turn    (no ring)
MPRegen 0.09/turn

%: no passive effects
@: no status effects
A: sickness immunity, AC +3, negative energy resistance 1, electricity
resistance, torment resistance 1, petrification resistance, horns 1
a: no special abilities


You were on level 3 of the Dungeon.
You visited 1 branch of the dungeon, and saw 4 of its levels.

You collected 68 gold pieces.


Innate Abilities, Weirdness & Mutations

You are immune to sickness and miasma.
Your stone body is resilient. (AC +3)
You are immune to poison.
You resist negative energy. (rN+)
You are resistant to electric shocks. (rElec)
You are resistant to unholy torment.
You are immune to petrification.
You have a pair of small horns on your head.


   Skills:
 + Level 2.1 Fighting
 - Level 5.3 Ranged Weapons
 - Level 1.1 Armour
 - Level 1.5 Dodging
 - Level 1.1 Stealth


You had 3 spell levels left.
You didn't know any spells.
Your spell library was empty.

Inventory:

Hand Weapons
 Y - a +0 shortbow (weapon)
Armour
 g - a +0 ring mail (worn)
Scrolls
 j - a scroll of identify
Potions
 a - a potion of attraction {unknown}
 d - a potion of resistance {unknown}
 f - a potion of might {unknown}
 h - a potion of cancellation {unknown}
 i - a potion of berserk rage {unknown}
 k - 2 potions of mutation
 m - a potion of brilliance {unknown}

Dungeon Overview and Level Annotations

Branches:
Dungeon (4/15)
 Temple: D:4-7

Altars:

Shops:
D:1 !


Message History

You start resting.
HP restored.
You now have 68 gold pieces (gained 11).
Natasha and a ball python come into view.
Natasha is carrying a wand of flame.
Natasha hisses angrily.
The ball python hisses angrily.
You shoot an arrow. The arrow hits the ball python.
You kill the ball python!
You shoot an arrow. The arrow barely misses Natasha.
Natasha casts a spell at you. You resist with significant effort.
An orc comes into view. It is wielding a +0 trident.
You shoot an arrow. The arrow closely misses Natasha.
The orc shouts!
Natasha zaps a wand.
The puff of flame misses you.
You shoot an arrow. The arrow closely misses Natasha.
Natasha stares at you and mumbles some strange words.
You resist with significant effort. Natasha casts a spell at you.
The magic dart hits you!
You shoot an arrow. The arrow hits Natasha!
Natasha is heavily wounded.
You hear a shout!
You shoot an arrow. The arrow hits Natasha.
Natasha is severely wounded.
You shoot an arrow. The arrow hits Natasha!
You kill Natasha!
Natasha yowls pathetically as she dies!
The orc hits you from afar with a +0 trident.
Your Ranged Weapons skill increases to level 5!
You have reached level 4!
You feel clever.
You shoot an arrow. The arrow closely misses the orc.
The orc hits you from afar with a +0 trident!
A kobold comes into view. It is wielding a +0 dagger.
The orc closely misses you.
You shoot an arrow. The arrow barely misses the kobold.
The orc barely misses you. The kobold hits you with a +0 dagger.
You shoot an arrow. The arrow closely misses the kobold.
The orc hits you from afar with a +0 trident.
You die...

#........# #.#
#......>.# ..#..
.#####...###.##.###
#.............
###.#...........
#.#...............
............%.....
#.##.....##Ko.....
......#..#@.......
...........#......
..........## .....
..........# ....
#.....#.### ...
..#####.# .. #^ .
#. #.


You could see an orc and a kobold.

Vanquished Creatures
  Natasha (D:3)
  An adder (D:3)
  A worm (D:2)
  3 endoplasms
  2 hobgoblins (D:1)
  4 jackals
  A quokka (D:1)
  5 ball pythons
  3 kobolds (D:1)
  3 rats (D:1)
24 creatures vanquished.

Notes
Turn   | Place    | Note
-------+----------+-------------------------------------------
     0 | D:1      | qw the Gargoyle Hunter began the quest for the Orb.
     0 | D:1      | Reached XP level 1. HP: 12/12 MP: 1/1
     0 | D:1      | 0 ||| qw: Version: 0.3-a-76-g4403597
     0 | D:1      | 0 ||| qw: Game counter: 307
     0 | D:1      | 0 ||| qw: Melee chars always use a shield: true
     0 | D:1      | 0 ||| qw: God list: Okawaru
     0 | D:1      | 0 ||| qw: Allow faded altars: false
     0 | D:1      | 0 ||| qw: Do Orc after clearing Dungeon:15 true
     0 | D:1      | 0 ||| qw: Do second Lair branch before Depths: true
     0 | D:1      | 0 ||| qw: Lair rune preference: random
     0 | D:1      | 0 ||| qw: Goals: Normal
     0 | D:1      | 0 ||| PLANNING D:1-11
   212 | D:1      | Found Kutepyq's Distillery.
   224 | D:1      | 224 ||| SHOPLISTING potion of curing (42 gold, have 33).
   224 | D:1      | 224 ||| SHOPLISTING potion of might (56 gold, have 33).
   224 | D:1      | 224 ||| SHOPLISTING potion of mutation (112 gold, have 33).
   231 | D:1      | Reached XP level 2. HP: 17/17 MP: 2/2
   492 | D:1      | Found a faded altar of an unknown god.
   561 | D:1      | 561 ||| UPGRADING to +0 ring mail.
   571 | D:1      | 571 ||| DROPPING +0 leather armour.
   572 | D:1      | 572 ||| READING scroll labelled LIZETUUCLAQI.
   573 | D:1      | 573 ||| READING 2 scrolls labelled MOWNOMP OXTAMP.
   574 | D:1      | 574 ||| READING scroll labelled RYUDYG GIHIQAQ.
   579 | D:1      | 579 ||| DRINKING 3 metallic white potions.
   579 | D:1      | Gained mutation: You have a pair of small horns on your
                  | head. [potion of mutation]
   579 | D:1      | Gained mutation: You are frail. (-10% HP) [potion of
                  | mutation]
   579 | D:1      | Lost mutation: You are frail. (-10% HP) [potion of
                  | mutation]
   586 | D:1      | 586 ||| DROPPING scroll of butterflies.
   619 | D:2      | 619 ||| STAIRDANCE
   636 | D:2      | 636 ||| STAIRDANCE
   674 | D:2      | Reached skill level 1 in Armour
   677 | D:2      | 677 ||| STAIRDANCE
   736 | D:2      | You fall into a shaft and drop 2 floors!
   787 | D:4      | Reached XP level 3. HP: 21/21 MP: 3/3
   819 | D:3      | Noticed Natasha
   826 | D:3      | Killed Natasha
   827 | D:3      | Reached skill level 5 in Ranged Weapons
   827 | D:3      | Reached XP level 4. HP: 13/26 MP: 4/4
   828 | D:3      | HP: 6/26 [kobold/+0 dagger (1)]
   829 | D:3      | Slain by an orc

Levels and vault maps discovered:
D:1:      dpeg_arrival_court, layout_rooms, chequers_ecumenical_altar_lobes,
          serial_shops, shop, minmay_pentomino_p4
D:2:      layout_loops_ring
D:3:      layout_rooms, old_standard_altar, uniq_ijyb, uniq_natasha
D:4:      layout_cave_pools, nicolae_gozag_cash_rules_everything_around_me,
          serial_shops, shop, shop

Skill      XL: |  1  2  3 |
---------------+----------+-----
Armour         | 1 |  1.1
Ranged Weapons | 5 |  5.3
Fighting       | |  2.1
Dodging        | |  1.5
Stealth        | |  1.1

Action                     |  1- 3 |  4- 6 || total
---------------------------+-------+-------++-------
   Fire: Shortbow          |    93 |     3 ||    96
    Use: Scroll            |     3 |       ||     3
         Potion            |     1 |       ||     1
 Armour: Leather armour    |    14 |       ||    14
         Ring mail         |    49 |     3 ||    52
  Dodge: Dodged            |    40 |     2 ||    42

Table legend:
 A = Non-vault XP
 B = Vault XP
 C = Vault XP percentage of total XP
 D = Non-vault monster count
 E = Vault monster count
 F = Vault count percentage of total count
                 A         B        C        D         E       F
            +---------+---------+-------+---------+---------+-------
      Total |      45 |      40 |  47.1 |      19 |       5 |  20.8
            +---------+---------+-------+---------+---------+-------
        D:1 |      18 |       5 |  21.7 |      12 |       4 |  25.0
        D:2 |       7 |       0 |   0.0 |       2 |       0 |   0.0
        D:3 |      16 |      35 |  68.6 |       3 |       1 |  25.0
        D:4 |       4 |       0 |   0.0 |       2 |       0 |   0.0
            +---------+---------+-------+---------+---------+-------
